 Dungeon Crawl Stone Soup version 0.27.1-33-g824d729ab1 (webtiles) character file.

Game seed: 16152813037886053240

24 Sharkman1231 the Magician (level 2, -8/21 HPs)
             Began as a Demonspawn Wanderer on Dec 26, 2021.
             Was a Believer of Lugonu.
             Mangled by an iguana (12 damage)
             ... on level 3 of the Dungeon.
             The game lasted 00:01:23 (994 turns).

Sharkman1231 the Magician (Demonspawn Wanderer)      Turns: 994, Time: 00:01:23

Health: -8/21      AC:  3    Str: 10    XL:     2   Next: 79%
Magic:  7/7        EV: 11    Int: 13    God:    Lugonu [**....]
Gold:   43         SH:  4    Dex: 14    Spells: 9/9 levels left

rFire    . . .     SeeInvis .   e - +3 spear
rCold    . . .     Faith    .   (no shield)
rNeg     . . .     Spirit   .   b - +0 robe
rPois    .         Reflect  .   (no helmet)
rElec    .         Harm     .   d - +0 cloak
rCorr    .         Rampage  .   (no gloves)
Will     .....                  (no boots)
Stlth    ++........             (no amulet)
HPRegen  0.07/turn              (no ring)
MPRegen  0.10/turn              (no ring)

@: mighty, attractive
A: condensation shield
a: Renounce Religion, Depart the Abyss, Bend Space


You were on level 3 of the Dungeon.
You worshipped Lugonu.
Lugonu was pleased with you.
You visited 1 branch of the dungeon, and saw 3 of its levels.

You collected 43 gold pieces.

Inventory:

Hand Weapons
 a - a +0 spear
 e - a +3 spear (weapon)
Armour
 b - a +0 robe (worn)
 d - a +0 cloak (worn)


   Skills:
 + Level 1.3 Fighting
 + Level 1.1 Polearms
 - Level 1.7 Stealth
 - Level 4.0 Spellcasting
 - Level 1.0 Conjurations
 - Level 1.0 Translocations
 - Level 1.7 Transmutations
 + Level 1.6 Invocations


You had 9 spell levels left.
You didn't know any spells.
Your spell library contained the following spells:

 Spells                   Type           Power      Damage    Failure   Level
 Magic Dart               Conj           20%        1d4       14%         1
 Animate Skeleton         Necr           4%         N/A       21%         1
 Blink                    Tloc           N/A        N/A       21%         2
 Call Imp                 Summ           2%         N/A       30%         2
 Slow                     Hex            2%         N/A       30%         2
 Conjure Flame            Conj/Fire      3%         6-21      45%         3
 Mephitic Cloud           Conj/Pois/Air  3%         N/A       47%         3
 Vampiric Draining        Necr           1%         2d6       52%         3


Dungeon Overview and Level Annotations

Branches:
Dungeon (3/15)

Altars:
Lugonu


Innate Abilities, Weirdness & Mutations

A meltable shield of frost defends you. (SH +4)


Message History

Press: ? - help, Dir - move target, f - quokka
Aim: a quokka (almost dead, about 46% to evade your +3 spear)
You miss the quokka.
The quokka is almost dead.
The quokka misses you.
Reach: e) +3 spear
Press: ? - help, Dir - move target, f/p - quokka
Aim: a quokka (almost dead, about 46% to evade your +3 spear)
You closely miss the quokka.
The quokka is almost dead.
The quokka closely misses you. You block the quokka's attack.
Reach: e) +3 spear
Press: ? - help, Dir - move target, f/p - quokka
Aim: a quokka (almost dead, about 46% to evade your +3 spear)
You closely miss the quokka.
The quokka is almost dead.
The quokka barely misses you.
Reach: e) +3 spear
Press: ? - help, Dir - move target, f/p - quokka
Aim: a quokka (almost dead, about 46% to evade your +3 spear)
You puncture the quokka!
You kill the quokka!
Lugonu accepts your kill. The iguana is pulled toward you!
Unknown command.
You puncture the kobold!
You kill the kobold!
Lugonu accepts your kill.
You hit the iguana.
The iguana is moderately wounded.
The iguana bites you!
* * * LOW HITPOINT WARNING * * *
You puncture the iguana!
The iguana is almost dead.
The iguana bites you but does no damage.
You closely miss the iguana.
The iguana is almost dead.
The iguana bites you!
Ouch! That really hurt!
You die...

#.# #..# #.
#.###.#####...
#.
#.#...........
#.
#.#.#.#######.
#. #.#.#.# . #.
#.#l#.# . #.
#.#.#.# .
#.####.#.#.####
#.@l............
########........
#########


You could see an iguana.

Vanquished Creatures
  An orc (D:3)
  4 bats
  An endoplasm (D:2)
  A giant cockroach (D:2)
  A goblin (D:1)
  2 hobgoblins
  2 jackals (D:1)
  A quokka (D:3)
  2 ball pythons
  2 frilled lizards
  3 kobolds
20 creatures vanquished.

Notes
Turn   | Place    | Note
-------+----------+-------------------------------------------
     0 | D:1      | Sharkman1231 the Demonspawn Wanderer began the quest for
                  | the Orb.
     0 | D:1      | Sharkman1231 set off with the following items: a +0 dagger,
                  | a +0 robe, a potion of curing; and the following spells
                  | available to memorise: Magic Dart, Animate Skeleton, Blink,
                  | Call Imp, Slow, Conjure Flame, Mephitic Cloud, Vampiric
                  | Draining
     0 | D:1      | Reached XP level 1. HP: 13/13 MP: 5/5
    34 | D:1      | Found a faded altar of an unknown god.
   141 | D:1      | Became a worshipper of Lugonu the Unformed
   141 | D:1      | Reached * piety under Lugonu
   141 | D:1      | Reached ** piety under Lugonu
   761 | D:1      | Reached skill level 1 in Invocations
   761 | D:1      | Gained mutation: A meltable shield of frost defends you.
                  | (SH +4) [demonic ancestry]
   761 | D:1      | Reached XP level 2. HP: 17/20 MP: 7/7
   848 | D:2      | Reached skill level 1 in Fighting
   896 | D:2      | Reached skill level 1 in Polearms
   994 | D:3      | Mangled by an iguana

Illustrated notes

Levels and vault maps discovered:
D:1:      scummos_arrival_checkerplants, layout_basic,
          ebering_ecumenical_altar_box
D:2:      layout_basic, basic_altar
D:3:      layout_loops_ring, nicolae_yredelemnul_corpse_copse, kennysheep_nub

Skill      XL: |  1  2 |
---------------+-------+-----
Invocations    | 1 |  1.6
Fighting       | 1 |  1.3
Polearms       | 1 |  1.1
Stealth        | |  1.7
Spellcasting   | |  4.0
Conjurations   | |  1.0
Translocations | |  1.0
Transmutations | |  1.7

Action                   || total
-------------------------++-------
Melee: Spear             ||    64
  Use: Potion            ||     4
 Stab: Sleeping          ||     3
Armor: Robe              ||    19
Dodge: Dodged            ||    46
Block: Other             ||     7
